 Dungeon Crawl Stone Soup version 0.20.1-1-g8b1a95d (webtiles) character file.

15 RollingDesktops the Grasshopper (level 2, 0/25 HPs)
             Began as a Draconian Warper on Dec 29, 2017.
             Slain by a jackal (1 damage)
             ... on level 1 of the Dungeon.
             The game lasted 00:04:42 (552 turns).

RollingDesktops the Grasshopper (Draconian Warper)   Turns: 552, Time: 00:04:43

Health: 0/25       AC:  4    Str: 13    XL:     2   Next: 34%
Magic:  2/5        EV: 12    Int: 13    God:
Gold:   11         SH:  0    Dex: 10    Spells: 1/5 levels left

rFire    . . .     SeeInvis .   a - +0 spear
rCold    + . .     Gourm    .   (no shield)
rNeg     . . .     Faith    .   (armour unavailable)
rPois    .         Spirit   .   (helmet restricted)
rElec    .         Reflect  .   (no cloak)
rCorr    .         Harm     .   (no gloves)
MR       .....                  (no boots)
Stlth    +.........             (no amulet)
Regen    0.1/turn               k - ring of protection from cold
MPRegen  0.1/turn               (no ring)

@: about to teleport, very slightly contaminated
A: unfitting armour, cold-blooded, AC +4
a: no special abilities


You were on level 1 of the Dungeon.
You were not hungry.

You visited 1 branch of the dungeon, and saw 1 of its levels.

You collected 11 gold pieces.

Inventory:

Hand Weapons
 a - a +0 spear (weapon)
 e - a +0 club
Missiles
 d - 5 tomahawks of dispersal (quivered)
 j - 18 bolts
Jewellery
 k - a ring of protection from cold (left hand)
Scrolls
 h - a scroll of identify
Books
 b - a book of Spatial Translocations

   Spells                             Type                      Level
   a - Blink                          Translocation                2
   b - Shroud of Golubria             Charms/Translocation         2
   c - Lesser Beckoning               Translocation                3
   d - Gell's Gravitas                Translocation                3
   e - Teleport Other                 Translocation                3
   f - Passage of Golubria            Translocation                4
Comestibles
 f - a bread ration
 g - a chunk of flesh


   Skills:
 + Level 2.5 Fighting
 + Level 2.2 Polearms
 + Level 0.8 Throwing
 + Level 2.5 Dodging
 + Level 2.0 Spellcasting
 + Level 3.0 Translocations


You had one spell level left.
You knew the following spells:

 Your Spells              Type           Power        Failure   Level  Hunger
a - Blink                 Tloc           N/A          11%         2    ###....
b - Shroud of Golubria    Chrm/Tloc      #.........   21%         2    ###....


Dungeon Overview and Level Annotations

Branches:
Dungeon (1/15)

Altars:


Innate Abilities, Weirdness & Mutations

Your plain brown scales are hard. (AC +4)
You cannot fit into any form of body armour.
You are cold-blooded and may be slowed by cold attacks.


Message History

* * * LOW HITPOINT WARNING * * *
The jackal barely misses you.
The frilled lizard bites you but does no damage.
The jackal bites you but does no damage. x2
Blink to where?
Press: ? - help, Dir - move target cursor
As you read the scroll of blinking, it crumbles to dust.
c - a scroll labeled PEGOJ VEIFEYNK Unknown command.
Unknown command.
As you read the scroll labeled PEGOJ VEIFEYNK, it crumbles to dust.
You feel aware of your surroundings.
It was a scroll of magic mapping.
The jackal misses you. The hobgoblin hits you with a club.
* * * LOW HITPOINT WARNING * * *
The jackal barely misses you.
Unknown command.
As you read the scroll of teleportation, it crumbles to dust.
You feel strangely unstable. The jackal barely misses you.
The jackal bites you.
You die...

**,*,,,,.......* ##..........##'#
**,*,,,,.......####..........##.#
,,,+,,,,..................#####'#
,,,*,,,,......†.........#.# #...
,,,,,,,,................#.# #...
****,,,,................#.# #...
,,,,,,,*..#####.l.......#.* #...
******,,.,,,,,#hhg......#.* #...
*,,,,,,,,#.@l......#.* #...
******,,,,,,,,#.........#.* #...
,,,,,,,,,,,,,.............#####.#
******,,,,,...#.........##...[...
,,,,,,,,,.....#.........##.......
******,,,....,###.####..##.)†.)..
* *,,,...,,* #.# *#.##....... *
*****##.,,* #.#####..#....... *
*,,,* *,,,* #.....#..........


You could see 2 jackals, a hobgoblin and 2 frilled lizards.

Vanquished Creatures
  A leopard gecko (D:1)
  A bat (D:1)
  3 goblins (D:1)
  2 hobgoblins (D:1)
  2 jackals (D:1)
  2 frilled lizards (D:1)
  2 rats (D:1)
  3 plants (D:1)
16 creatures vanquished.

Notes
Turn   | Place    | Note
-------+----------+-------------------------------------------
     0 | D:1      | RollingDesktops the Draconian Warper began the quest for the Orb.
     0 | D:1      | Reached XP level 1. HP: 17/17 MP: 3/3
   478 | D:1      | Reached XP level 2. HP: 21/25 MP: 5/5
   493 | D:1      | Learned a level 2 spell: Blink
   496 | D:1      | Learned a level 2 spell: Shroud of Golubria
   551 | D:1      | HP: 1/25 [hobgoblin/club (3)]
   552 | D:1      | Slain by a jackal

Action                   || total
-------------------------++-------
Melee: Spear             ||   308
       Tailslap          ||    46
 Cast: Shroud of Golubri ||     1
  Use: Scroll            ||     4
Armor: Skin              ||    37
Dodge: Dodged            ||    70
